BSA
EL DORADO OILERS @ NASSAU ROCKETS
09/25/2027
 
TOP OF THE 1ST
Birmingham Steeldogs batting - Pitching for Nassau Rockets : LHP Dennis Taylor
Pitching: LHP Dennis Taylor
Batting: RHB Nick Webb 0-0: Called Strike
0-1: Swinging Strike
0-2: TRIPLE (Line Drive, 8LM)
Batting: LHB Ashley Pickhills 0-0: SINGLE (Line Drive, 9LM)
Nick Webb scores
Batting: RHB Valentín Borges 0-0: Ball
1-0: Called Strike
1-1: Ball
2-1: Foul Ball, location: 2F
2-2: Ground out 5-3 (Groundball, 56S)
Ashley Pickhills to second
Batting: LHB Curt Walker 0-0: Foul Ball, location: 2F
0-1: Fly out, F7 (Flyball, 7S)
Batting: RHB Sixto Vélez 0-0: Called Strike
0-1: Foul Ball, location: 2F
0-2: Foul Ball, location: 2F
0-2: Ball
1-2: DOUBLE (Line Drive, 9LM)
Ashley Pickhills scores
Batting: SHB Theron Harper 0-0: Foul Ball, location: 2F
0-1: Fly out, F9 (Flyball, 9LS)
Top of the 1st over - 2 run(s), 3 hit(s), 0 error(s), 1 left on base; Birmingham 2 - Nassau 0
BOTTOM OF THE 1ST
Nassau Rockets batting - Pitching for Birmingham Steeldogs : RHP Barton Johnson
Pitching: RHP Barton Johnson
Batting: SHB Howard Parker 0-0: Foul Ball, location: 2F
0-1: SINGLE (Flyball, 78S)
Batting: LHB Andrew Alvarado 0-0: Ball
1-0: Called Strike
1-1: Foul Ball, location: 2F
1-2: Ball
2-2: Ball
3-2: DOUBLE (Line Drive, 7LM)
Howard Parker to third
Batting: LHB Wilson Allen 0-0: Ball
1-0: Foul Ball, location: 2F
1-1: Foul Ball, location: 2F
1-2: Ball
2-2: Ball
3-2: Foul Ball, location: 2F
3-2: Base on Balls
Batting: LHB Doug Thompson 0-0: Called Strike
0-1: Ball
1-1: Swinging Strike
1-2: Strikes out swinging
Batting: LHB Don Ramey 0-0: Foul Ball, location: 2F
0-1: Ball
1-1: Fielders Choice at 2nd, 6-4 (Groundball, 6M)
Howard Parker scores
Andrew Alvarado to third
Batting: LHB Bob Martin 0-0: Called Strike
0-1: Ball
1-1: Foul Ball, location: 2F
1-2: SINGLE (Groundball, 3D)
Andrew Alvarado scores
Don Ramey to second
Runner from 2nd tries for 3rd, SAFE, throw made to third
Batting: SHB Pepe Piña 0-0: Ball
1-0: Fly out, F3 (Popup, 3L)
Bottom of the 1st over - 2 run(s), 3 hit(s), 0 error(s), 2 left on base; Birmingham 2 - Nassau 2
TOP OF THE 2ND
Birmingham Steeldogs batting - Pitching for Nassau Rockets : LHP Dennis Taylor
Batting: RHB Yujiro Kurihara 0-0: Ball
1-0: Ground out 4-3 (Groundball, 4M)
Batting: RHB Carlos García 0-0: Called Strike
0-1: Ball
1-1: Ball
2-1: Called Strike
2-2: Ground out 4-3 (Groundball, 4M)
Batting: RHB José Carlos Caraballo 0-0: Called Strike
0-1: Called Strike
0-2: Ball
1-2: Strikes out looking
Top of the 2nd over - 0 run(s), 0 hit(s), 0 error(s), 0 left on base; Birmingham 2 - Nassau 2
BOTTOM OF THE 2ND
Nassau Rockets batting - Pitching for Birmingham Steeldogs : RHP Barton Johnson
Batting: RHB Salvador Borbón 0-0: Foul Ball, location: 2F
0-1: Ground out 4-3 (Groundball, 4M)
Batting: RHB Pete Harvey 0-0: Ball
1-0: Ball
2-0: Ball
3-0: Swinging Strike
3-1: Base on Balls
Batting: SHB Howard Parker 0-0: Ball
1-0: Ball
2-0: Ball
3-0: Base on Balls
Pete Harvey to second
Batting: LHB Andrew Alvarado 0-0: Called Strike
0-1: Ball
1-1: Ball
2-1: Ball
3-1: Called Strike
3-2: Fly out, F7 (Flyball, 7D)
Runner from 2nd tags up, SAFE at 3rd, no throw
Batting: LHB Wilson Allen 0-0: Fly out, F8 (Flyball, 8RXD)
Bottom of the 2nd over - 0 run(s), 0 hit(s), 0 error(s), 2 left on base; Birmingham 2 - Nassau 2
TOP OF THE 3RD
Birmingham Steeldogs batting - Pitching for Nassau Rockets : LHP Dennis Taylor
Batting: RHB Nick Webb 0-0: Ball
1-0: SINGLE (Flyball, 8RS)
Batting: LHB Ashley Pickhills 0-0: Called Strike
Pickoff Throw to First - Error! E1
Nick Webb to second
0-1: Foul Ball, location: 2F
0-2: Fly out, F8 (Line Drive, 8LXD)
Runner from 2nd tags up, SAFE at 3rd, no throw
Batting: RHB Valentín Borges 0-0: Called Strike
0-1: Ball
1-1: Fly out, F8 (Flyball, 78D)
Runner from 3rd tags up, SCORES, no throw
Batting: LHB Curt Walker 0-0: SINGLE (Line Drive, 89S)
Batting: RHB Sixto Vélez 0-0: Called Strike
0-1: Ball
1-1: Ball
2-1: Ground out 6-3 (Groundball, 56)
Top of the 3rd over - 1 run(s), 2 hit(s), 1 error(s), 1 left on base; Birmingham 3 - Nassau 2
BOTTOM OF THE 3RD
Nassau Rockets batting - Pitching for Birmingham Steeldogs : RHP Barton Johnson
Batting: LHB Doug Thompson 0-0: Called Strike
0-1: Foul Ball, location: 2F
0-2: Ground out U3 (Groundball, 34S)
Batting: LHB Don Ramey 0-0: Ball
1-0: Ball
2-0: Ball
3-0: Called Strike
3-1: Called Strike
3-2: SINGLE (Line Drive, 8RS)
Batting: LHB Bob Martin 0-0: Ball
1-0: Fly out, F3 (Popup, 34)
Batting: SHB Pepe Piña 0-0: Ball
1-0: Foul Ball, location: 2F
1-1: Ball
2-1: Called Strike
2-2: Ball
3-2: SINGLE (Groundball, 4MD)
Don Ramey to second
Don Ramey to third
Batting: RHB Salvador Borbón 0-0: Ball
1-0: Ball
2-0: Called Strike
2-1: Foul Ball, location: 2F
2-2: SINGLE (Groundball, 4MD)
Don Ramey scores
Pepe Piña to second
Batting: RHB Pete Harvey 0-0: Foul Ball, location: 2F
0-1: Swinging Strike
0-2: Ball
1-2: Ball
2-2: Ball
3-2: Strikes out looking
Bottom of the 3rd over - 1 run(s), 3 hit(s), 0 error(s), 2 left on base; Birmingham 3 - Nassau 3
TOP OF THE 4TH
Birmingham Steeldogs batting - Pitching for Nassau Rockets : LHP Dennis Taylor
Batting: SHB Theron Harper 0-0: Called Strike
0-1: Ball
1-1: Ball
2-1: Foul Ball, location: 2F
2-2: Ground out 6-3 (Groundball, 6S)
Batting: RHB Yujiro Kurihara 0-0: SINGLE (Groundball, 6D)
Batting: RHB Carlos García 0-0: Called Strike
0-1: Foul Ball, location: 2F
0-2: Foul Ball, location: 2F
0-2: Grounds into double play, 4-6-3 (Groundball, 4M)
Top of the 4th over - 0 run(s), 1 hit(s), 0 error(s), 0 left on base; Birmingham 3 - Nassau 3
BOTTOM OF THE 4TH
Nassau Rockets batting - Pitching for Birmingham Steeldogs : RHP Barton Johnson
Batting: SHB Howard Parker 0-0: Foul Ball, location: 2F
0-1: SINGLE (Groundball, 6MD)
Batting: LHB Andrew Alvarado 0-0: Ball
1-0: Called Strike
Howard Parker steals 2nd base
1-1: Fly out, F4 (Line Drive, 4)
Batting: LHB Wilson Allen 0-0: Ball
1-0: Ball
Balk!
Howard Parker to third
2-0: Fly out, F8 (Flyball, 8RS)
Runner from 3rd tags up, SCORES, no throw
Batting: LHB Doug Thompson 0-0: Called Strike
0-1: Ball
1-1: Ball
2-1: Foul Ball, location: 2F
2-2: Fly out, F8 (Flyball, 8RD)
Bottom of the 4th over - 1 run(s), 1 hit(s), 0 error(s), 0 left on base; Birmingham 3 - Nassau 4
TOP OF THE 5TH
Birmingham Steeldogs batting - Pitching for Nassau Rockets : LHP Dennis Taylor
Batting: RHB José Carlos Caraballo 0-0: Swinging Strike
0-1: Called Strike
0-2: Ball
1-2: Ground out 4-3 (Groundball, 34)
Batting: RHB Nick Webb 0-0: Called Strike
0-1: Fly out, F9 (Flyball, 9LS)
Batting: LHB Ashley Pickhills 0-0: Ball
1-0: Ball
2-0: Called Strike
2-1: Swinging Strike
2-2: Ground out 6-3 (Groundball, 6)
Top of the 5th over - 0 run(s), 0 hit(s), 0 error(s), 0 left on base; Birmingham 3 - Nassau 4
BOTTOM OF THE 5TH
Nassau Rockets batting - Pitching for Birmingham Steeldogs : RHP Barton Johnson
Batting: LHB Don Ramey 0-0: Ground out 4-3 (Groundball, 34)
Batting: LHB Bob Martin 0-0: Fly out, F7 (Flyball, 7)
Batting: SHB Pepe Piña 0-0: Ground out 6-3 (Groundball, 6)
Bottom of the 5th over - 0 run(s), 0 hit(s), 0 error(s), 0 left on base; Birmingham 3 - Nassau 4
TOP OF THE 6TH
Birmingham Steeldogs batting - Pitching for Nassau Rockets : LHP Dennis Taylor
Batting: RHB Valentín Borges 0-0: Called Strike
0-1: Ball
1-1: Ground out 1-3 (Groundball, 13S)
Batting: LHB Curt Walker 0-0: Ball
1-0: Ball
2-0: Called Strike
2-1: Foul Ball, location: 2F
2-2: Strikes out looking
Batting: RHB Sixto Vélez 0-0: Swinging Strike
0-1: Ball
1-1: Foul Ball, location: 2F
1-2: Fly out, F9 (Flyball, 9D)
Top of the 6th over - 0 run(s), 0 hit(s), 0 error(s), 0 left on base; Birmingham 3 - Nassau 4
BOTTOM OF THE 6TH
Nassau Rockets batting - Pitching for Birmingham Steeldogs : RHP Barton Johnson
Batting: RHB Salvador Borbón 0-0: Ball
1-0: Called Strike
1-1: Foul Ball, location: 2F
1-2: Ball
2-2: Ball
3-2: DOUBLE (Groundball, 5L)
Batting: RHB Pete Harvey 0-0: Swinging Strike
0-1: Foul Ball, location: 2F
0-2: Foul Ball, location: 2F
0-2: Foul Ball, location: 2F
0-2: Ball
1-2: Ball
2-2: Strikes out looking
Batting: SHB Howard Parker 0-0: Called Strike
0-1: Ball
1-1: Swinging Strike
1-2: Ball
2-2: DOUBLE (Groundball, 5L)
Salvador Borbón scores
Pitching: RHP Ken Lyons
Batting: LHB Andrew Alvarado 0-0: Ball
1-0: SINGLE (Flyball, 9LS)
Howard Parker to third
Batting: LHB Wilson Allen 0-0: Foul Ball, location: 2F
0-1: Foul Ball, location: 2F
0-2: Ball
1-2: Strikes out swinging
Batting: LHB Doug Thompson 0-0: Swinging Strike
0-1: Ball
1-1: Fly out, F9 (Line Drive, 9D)
Bottom of the 6th over - 1 run(s), 3 hit(s), 0 error(s), 2 left on base; Birmingham 3 - Nassau 5
TOP OF THE 7TH
Birmingham Steeldogs batting - Pitching for Nassau Rockets : LHP Dennis Taylor
Batting: SHB Theron Harper 0-0: Ground out 1-3 (Groundball, P)
Batting: RHB Yujiro Kurihara 0-0: Ground out 4-3 (Groundball, 4)
Batting: RHB Carlos García 0-0: Ball
1-0: Foul Ball, location: 2F
1-1: Ball
2-1: SOLO HOME RUN (Flyball, 8LXD), Distance : 434 ft
Batting: RHB José Carlos Caraballo 0-0: Ball
1-0: Called Strike
1-1: Ball
2-1: Fly out, F3 (Popup, 3L)
Top of the 7th over - 1 run(s), 1 hit(s), 0 error(s), 0 left on base; Birmingham 4 - Nassau 5
BOTTOM OF THE 7TH
Nassau Rockets batting - Pitching for Birmingham Steeldogs : RHP Ken Lyons
Batting: LHB Don Ramey 0-0: Called Strike
0-1: Called Strike
0-2: Foul Ball, location: 2F
0-2: Ball
1-2: Fly out, F8 (Flyball, 8LS)
Batting: LHB Bob Martin 0-0: Called Strike
0-1: Ball
1-1: Ground out 4-3 (Groundball, 4)
Batting: SHB Pepe Piña 0-0: Ball
1-0: Foul Ball, location: 2F
1-1: Foul Ball, location: 2F
1-2: Foul Ball, location: 2F
1-2: Ball
2-2: Ground out U3 (Groundball, 3)
Bottom of the 7th over - 0 run(s), 0 hit(s), 0 error(s), 0 left on base; Birmingham 4 - Nassau 5
TOP OF THE 8TH
Birmingham Steeldogs batting - Pitching for Nassau Rockets : LHP Dennis Taylor
Pitching: RHP José García
Batting: RHB Nick Webb 0-0: Fly out, F8 (Line Drive, 89S)
Pitching: LHP Kai-ge Hui
Batting: LHB Ashley Pickhills 0-0: Fly out, F8 (Flyball, 78M)
Pitching: RHP Nolan Baker
Batting: RHB Valentín Borges 0-0: Foul Ball, location: 2F
0-1: Ball
1-1: Swinging Strike
1-2: Strikes out swinging
Top of the 8th over - 0 run(s), 0 hit(s), 0 error(s), 0 left on base; Birmingham 4 - Nassau 5
BOTTOM OF THE 8TH
Nassau Rockets batting - Pitching for Birmingham Steeldogs : RHP Ken Lyons
Batting: RHB Salvador Borbón 0-0: Called Strike
0-1: Ball
1-1: Foul Ball, location: 2F
1-2: Ball
2-2: Ball
3-2: Base on Balls
Pinch Hitting: RHB Brant Sherman 0-0: Ball
1-0: Called Strike
1-1: Ball
2-1: Swinging Strike
2-2: Ground out 4-3 (Groundball, 4D)
Salvador Borbón to second
Batting: SHB Howard Parker 0-0: Ball
1-0: Swinging Strike
1-1: Ball
2-1: SINGLE (Line Drive, 89S)
Salvador Borbón to third
Runner from 3rd tries for Home, SAFE, throw made home
Howard Parker to second
Batting: LHB Andrew Alvarado 0-0: SINGLE (Groundball, 34D)
Howard Parker to third
Runner from 3rd tries for Home, SAFE, no throw
Pitching: RHP Rick Grant
Batting: LHB Wilson Allen 0-0: Called Strike
0-1: Ball
1-1: Fly out, F7 (Flyball, 7)
Batting: LHB Doug Thompson 0-0: Called Strike
0-1: Swinging Strike
0-2: Ball
1-2: Foul Ball, location: 2F
1-2: Ground out U3 (Groundball, 3L)
Bottom of the 8th over - 2 run(s), 2 hit(s), 0 error(s), 1 left on base; Birmingham 4 - Nassau 7
TOP OF THE 9TH
Birmingham Steeldogs batting - Pitching for Nassau Rockets : RHP Nolan Baker
Pitching: RHP Roberto Reyes
Now in CF: Brant Sherman
Batting: LHB Curt Walker 0-0: Ground out 5-3 (Groundball, 56)
Batting: RHB Sixto Vélez 0-0: Ball
1-0: Ball
2-0: Ball
3-0: Called Strike
3-1: Fly out, F2 (Popup, 23)
Batting: SHB Theron Harper 0-0: Ball
1-0: Ball
2-0: Called Strike
2-1: SINGLE (Flyball, 7S)
Batting: RHB Yujiro Kurihara 0-0: Ball
1-0: Ball
2-0: Ball
3-0: Called Strike
3-1: Called Strike
3-2: Foul Ball, location: 2F
3-2: Fly out, F6 (Line Drive, 6)
Top of the 9th over - 0 run(s), 1 hit(s), 0 error(s), 1 left on base; Birmingham 4 - Nassau 7
Thursday, March 30th, 2017 - OOTP Baseball 17.12 Build 75